 Dungeon Crawl Stone Soup version 0.28.0 (webtiles) character file.

Game seed: 11403474379736598367

2345 Colgate the Magician (level 9, -4/45 HPs)
             Began as a Kobold Air Elementalist on Feb 13, 2022.
             Was a Priest of Zin.
             Slain by a killer bee (8 damage)
             ... on level 7 of the Dungeon.
             The game lasted 00:59:45 (10843 turns).

Colgate the Magician (Kobold Air Elementalist)     Turns: 10843, Time: 00:59:45

Health: -4/45      AC:  4    Str:  6    XL:     9   Next: 71%
Magic:  1/18       EV: 15    Int: 20    God:    Zin [***...]
Gold:   238        SH:  0    Dex: 15    Spells: 2/20 levels left

rFire   . . .      SeeInvis .   a - +1 dagger (speed)
rCold   . . .      Faith    .   (no shield)
rNeg    . . .      Spirit   .   d - +1 robe
rPois   .          Reflect  .   (no helmet)
rElec   .          Harm     .   (no cloak)
rCorr   .          Rampage  .   g - +0 pair of gloves
Will    .....                   (no boots)
Stlth   +++.......              (no amulet)
HPRegen 0.15/turn               (no ring)
MPRegen 0.16/turn               (no ring)

@: on recite cooldown
A: small, no large weapons, nightstalker 3
a: Renounce Religion, Recite, Vitalisation, Imprison, Donate Gold


You were on level 7 of the Dungeon.
You worshipped Zin.
Zin was most pleased with you.
You visited 1 branch of the dungeon, and saw 7 of its levels.

You collected 306 gold pieces.
You spent 42 gold pieces at shops.
You donated 26 gold pieces to Zin.

Inventory:

Hand Weapons
 a - a +1 dagger of speed (weapon)
Missiles
 f - 180 stones
 j - 11 poisoned darts
 p - a boomerang
Armour
 d - a +1 robe (worn)
 g - a +0 pair of gloves (worn)
Jewellery
 k - an amulet of faith
Wands
 b - a wand of flame (19)
 w - a wand of charming (15)
 x - a wand of iceblast (14)
Scrolls
 i - a scroll of fog {unknown}
 m - a scroll of amnesia {unknown}
 n - 2 scrolls of blinking
 q - a scroll of noise {unknown}
 r - a scroll of vulnerability {unknown}
 s - a scroll of silence {unknown}
 v - a scroll of magic mapping {unknown}
Potions
 c - a potion of flight
 e - 2 potions of heal wounds
 h - a potion of might {unknown}
 l - a potion of curing
 o - a potion of lignification {unknown}
 t - a potion of mutation {unknown}
 u - a potion of brilliance {unknown}


   Skills:
 - Level 4.5 Short Blades
 - Level 2.4 Dodging
 - Level 3.3 Stealth
 - Level 6.2 Spellcasting
 + Level 5.2 Conjurations
 - Level 5.2 Ice Magic
 - Level 6.0 Air Magic
 - Level 4.2 Invocations


You had 2 spell levels left.
You knew the following spells:

 Your Spells              Type           Power      Damage    Failure   Level
a - Shock                 Conj/Air       100%       1d9       1%          1
b - Static Discharge      Conj/Air       28%        N/A       1%          2
c - Airstrike             Air            15%        N/A       9%          4
d - Swiftness             Air            30%        N/A       2%          3
e - Mephitic Cloud        Conj/Pois/Air  21%        N/A       6%          3
f - Freezing Cloud        Conj/Ice/Air   14%        6-21      28%         5

Your spell library contained the following spells:

 Spells                   Type           Power      Damage    Failure   Level
 Gell's Gravitas          Tloc           6%         N/A       30%         3
 Ignite Poison            Fire/Tmut/Pois 6%         N/A       30%         3
 Teleport Other           Tloc           6%         N/A       30%         3
 Dispersal                Tloc           3%         N/A       100%        6


Dungeon Overview and Level Annotations

Branches:
Dungeon (7/15)             Temple (0/1) D:6

Altars:
Elyvilon
Fedhas
Hepliaklqana
Makhleb
Okawaru
Uskayaw
Zin
The Shining One

Shops:
D:1 ((!

Annotations:
D:1 kallion takana expaa
D:3 3 runed translucent doors, Garrluk's ghost, amateur DDTm


Innate Abilities, Weirdness & Mutations

You are small and have problems with some larger weapons.
You are completely attuned to the shadows.


Message History

The killer bee is moderately wounded.
The killer bee stings you.
You hit the killer bee.
The killer bee is moderately wounded.
The killer bee stings you.
* * * LOW HITPOINT WARNING * * *
The orc priest barely misses something.
You miss the killer bee.
The killer bee is moderately wounded.
The killer bee closely misses you.
A jelly comes into view.
The killer bee barely misses you.
A jelly comes into view.
You barely miss the killer bee.
The killer bee is moderately wounded.
The killer bee completely misses you.
Okay, then.
Unknown command.
Casting: Static Discharge (safe; 1% risk of failure)
Confirm with . or Enter, or press ? or * to list all spells.
The killer bee is struck by an arc of lightning.
The killer bee is heavily wounded.
The lightning grounds out.
The jelly quivers.
The killer bee misses you. The killer bee stings you!
* * * LOW HITPOINT WARNING * * *
Something hits the iguana.
Unknown command.
The killer bee completely misses you. The killer bee misses you.
The killer bee stings you but does no damage.
The killer bee completely misses you. The killer bee barely misses you.
The killer bee misses you.
The killer bee stings you but does no damage.
The killer bee stings you but does no damage.
The killer bee stings you.
* * * LOW HITPOINT WARNING * * *
The killer bee stings you!
You die...

#..... #..... #####>....#
#### ..........# .z..
####.......# ##..
########....#.....#
..oJ#####..lz.yy@####.....#
#.......######## #..<..#
#..))###### ####### ##.o##
..J. #.##


You could see 2 killer bees and a wight.

Vanquished Creatures
  A cyclops (D:6)
  An unseen horror (D:6)
  A sky beast (D:6)
  An orc warrior (D:7)
  A water moccasin (D:6)
  A black bear (D:5)
  2 ogres (D:5)
  A necrophage (D:4)
  Blork the orc (D:4)
  3 scorpions
  A bullfrog (D:6)
  A water moccasin skeleton (D:4)
  3 killer bees (D:7)
  2 bullfrog skeletons
  A gnoll shaman (D:6)
  A hound (D:5)
  A centaur skeleton (D:5)
  An iguana (D:5)
  Terence (D:3)
  Natasha (thrice) (D:5)
  An orc wizard (D:5)
  Ijyb (D:4)
  A hound skeleton (D:4)
  4 gnolls
  2 howler monkey skeletons
  10 adders
  A white imp (D:5)
  An ufetubus (D:4)
  An adder skeleton (D:4)
  3 dart slugs
  6 orcs
  2 ball pythons
  4 bats
  9 endoplasms
  5 giant cockroaches
  5 goblins
  4 hobgoblins
  4 jackals (D:3)
  3 quokkas
  3 frilled lizards
  12 kobolds
  A quokka skeleton (D:4)
  3 rats
114 creatures vanquished.

Vanquished Creatures (others)
  An orc (D:7)
  A plant (D:4)
2 creatures vanquished.

Grand Total: 116 creatures vanquished

Notes
Turn   | Place    | Note
-------+----------+-------------------------------------------
     0 | D:1      | Colgate the Kobold Air Elementalist began the quest for the
                  | Orb.
     0 | D:1      | Reached XP level 1. HP: 10/10 MP: 3/3
   340 | D:1      | Reached XP level 2. HP: 12/15 MP: 1/5
   343 | D:1      | Learned a level 2 spell: Static Discharge
   599 | D:1      | Found Loohizif's Antique Weapon Emporium.
   704 | D:1      | Found Junaorajey's Distillery.
   713 | D:1      | Bought a potion of curing for 42 gold pieces
   717 | D:1      | Found a faded altar of an unknown god.
   720 | D:1      | Reached XP level 3. HP: 19/19 MP: 6/6
   721 | D:1      | Prayed at the altar of an unknown god.
   721 | D:1      | Became a worshipper of Zin the Law-Giver
   721 | D:1      | Reached * piety under Zin
   864 | D:1      | Found Gautygh's Antique Armour Emporium.
   944 | D:1      | Found Hentom's Weapon Boutique.
  1303 | D:2      | Reached ** piety under Zin
  2140 | D:2      | Reached XP level 4. HP: 18/24 MP: 1/7
  2145 | D:2      | Learned a level 4 spell: Airstrike
  2557 | D:3      | Reached skill level 5 in Air Magic
  3031 | D:3      | Found a hazy altar of Hepliaklqana.
  3350 | D:3      | Reached XP level 5. HP: 28/28 MP: 4/8
  3394 | D:3      | Noticed Terence
  3540 | D:3      | Found a white marble altar of Elyvilon.
  3643 | D:3      | Killed Terence
  3975 | D:3      | Found a runed translucent gate.
  3976 | D:3      | Found a runed translucent gate.
  3977 | D:3      | Found a runed translucent gate.
  4344 | D:3      | Noticed Garrluk's ghost (amateur DDTm)
  4347 | D:3      | Identified the +7 hunting sling "Rinaxt" {venom, rCorr
                  | Str+3 Int+4}
  4347 | D:3      | Identified the +1 leather armour of Shadows and Fog {Harm
                  | rF+ Slay+2}
  4688 | D:4      | Noticed Blork the orc
  4699 | D:4      | Reached skill level 1 in Invocations
  4748 | D:4      | Killed Blork the orc
  4749 | D:4      | Reached XP level 6. HP: 16/32 MP: 0/9
  5130 | D:4      | Noticed Ijyb
  5133 | D:4      | Killed Ijyb
  5553 | D:4      | Reached *** piety under Zin
  5799 | D:5      | Entered Level 5 of the Dungeon
  5804 | D:5      | Noticed an ogre
  5807 | D:5      | Killed an ogre
  5808 | D:5      | Reached XP level 7. HP: 36/36 MP: 1/10
  6779 | D:4      | Noticed Natasha
  6804 | D:4      | Learned a level 3 spell: Swiftness
  6900 | D:5      | Killed Natasha
  7019 | D:4      | Reached XP level 8. HP: 37/41 MP: 1/13
  7024 | D:4      | Learned a level 3 spell: Mephitic Cloud
  7279 | D:4      | Found a glowing golden altar of the Shining One.
  7371 | D:5      | Noticed Natasha
  7373 | D:5      | Killed Natasha
  7531 | D:5      | Noticed Natasha
  7536 | D:5      | Reached skill level 5 in Spellcasting
  7539 | D:5      | Killed Natasha
  7919 | D:5      | Found a blossoming altar of Fedhas.
  9120 | D:6      | Killed an unseen horror
  9121 | D:6      | Reached XP level 9. HP: 15/45 MP: 1/18
  9384 | D:6      | Identified the +5 scale mail "Doapn" {rElec rPois Str-2
                  | Dex-2}
  9409 | D:6      | Found a staircase to the Ecumenical Temple.
  9429 | D:6      | Found an iron altar of Okawaru.
  9686 | D:6      | Found a burning altar of Makhleb.
  9902 | D:6      | Noticed a cyclops
  9915 | D:6      | Killed a cyclops
  9916 | D:6      | Reached skill level 5 in Conjurations
 10010 | D:6      | Learned a level 5 spell: Freezing Cloud
 10645 | D:6      | Found a hide-covered altar of Uskayaw.
 10815 | D:7      | Reached skill level 5 in Ice Magic
 10843 | D:7      | Slain by a killer bee

Illustrated notes

Levels and vault maps discovered:
D:1:      erik_arrival_cave_to_civilisation [erik_arrival_cave_to_temple],
          layout_basic, basic_ecumenical_altar, serial_shops,
          nicolae_shop_hallway_plus, shop,
          nicolae_shop_temple_entry_statues_fountains, nicolae_shop_statue_plus,
          skrybe_limestone_x
D:2:      layout_loops_cross, kennysheep_generic_room_12
D:3:      layout_basic, mainiacjoe_overflow_concentric_impassable,
          mainiacjoe_overflow_small_starburst, biasface_ghost_orc_armoury,
          uniq_terence
D:4:      layout_basic, tso_oasis_becter, uniq_blork_the_orc, uniq_ijyb,
          uniq_natasha
D:5:      layout_cave_pools, fedhas_altar_4
D:6:      layout_gridville, lemuel_round_altar, general_overflow_altar,
          lemuel_crystal_altar, minmay_temple_entry_antechambers,
          minmay_crossroads
D:7:      nzn_winding_woodlands_small [nzn_winding_woodlands_5x15_default,
          nzn_winding_woodlands_center_triple_pond,
          nzn_winding_woodlands_5x15_split_checker], layout_rooms,
          nemelex_spade_bored_becter, nicolae_island_escapes

Skill      XL: |  1  2  3  4  5  6  7  8  9 |
---------------+----------------------------+-----
Air Magic      | 4 5 6 |  6.0
Invocations    | 2 3 4 |  4.2
Stealth        | 3 |  3.3
Short Blades   | 3 4 |  4.5
Spellcasting   | 3 6 |  6.2
Ice Magic      | 3 5 |  5.2
Conjurations   | 5 |  5.2
Dodging        | |  2.4

Action                   |  1- 3 |  4- 6 |  7- 9 || total
-------------------------+-------+-------+-------++-------
Melee: Dagger            |    15 |    16 |    64 ||    95
       Flail             |       |     9 |       ||     9
       Punch             |       |       |     4 ||     4
 Cast: Shock             |    20 |    27 |     8 ||    55
       Static Discharge  |    13 |    29 |    42 ||    84
       Airstrike         |       |     9 |    28 ||    37
       Swiftness         |       |       |     1 ||     1
       Mephitic Cloud    |       |       |    12 ||    12
Invok: Recite            |       |     6 |    17 ||    23
       Vitalisation      |       |       |     1 ||     1
  Use: Potion            |       |     4 |       ||     4
       Scroll            |       |     3 |     2 ||     5
 Stab: Sleeping          |    12 |    13 |     4 ||    29
       Confused          |       |     1 |     6 ||     7
Armor: Robe              |     2 |     6 |    15 ||    23
Dodge: Dodged            |    11 |    34 |    82 ||   127
